 Dungeon Crawl Stone Soup version 0.30-a0-377-g5cb311bc9f (webtiles) character file.

Game seed: 12218751165387354961

2854 bande the Cleaver (level 9, -3/55 HPs)
             Began as a Gargoyle Fighter on Nov 30, 2022.
             Was an Initiate of Okawaru.
             Slain by an ice beast (11 damage)
             ... on level 7 of the Dungeon.
             The game lasted 00:10:06 (6782 turns).

bande the Cleaver (Gargoyle Fighter)                Turns: 6782, Time: 00:10:07

Health: -3/55      AC: 22    Str: 19    XL:     9   Next: 75%
Magic:  9/9        EV:  7    Int: 10    God:    Okawaru [......]
Gold:   319        SH:  5    Dex: 13    Spells: 8/8 levels left

rFire   + . .      SeeInvis .    a - +1 war axe
rCold   . . .      Faith    +    c - +0 buckler
rNeg    + . .      Spirit   .    h - +0 chain mail
rPois   ∞          Reflect  .    u - +0 helmet
rElec   +          Harm     .    (no cloak)
rCorr   .          Rampage  .    (no gloves)
Will    .....                    (no boots)
Stlth   ..........               i - amulet of faith
HPRegen 0.29/turn                k - ring of protection from fire
MPRegen 0.11/turn                w - +4 ring of protection

@: no status effects
A: sickness immunity, AC +6, negative energy resistance 1, electricity
resistance, torment resistance 1, petrification resistance
a: Renounce Religion


You were on level 7 of the Dungeon.
You worshipped Okawaru.
Okawaru was noncommittal.
You visited 2 branches of the dungeon, and saw 8 of its levels.

You collected 319 gold pieces.

Inventory:

Hand Weapons
 a - a +1 war axe (weapon)
 l - a +0 war axe
 r - a +1 mace of holy wrath
 s - a +0 flail
Missiles
 e - 3 throwing nets (quivered)
Armour
 c - a +0 buckler (worn)
 h - a +0 chain mail (worn)
 u - a +0 helmet (worn)
Jewellery
 i - an amulet of faith (around neck)
 k - a ring of protection from fire (left hand)
 v - a +6 ring of intelligence
 w - a +4 ring of protection (right hand)
 y - a ring of protection from cold
 A - an amulet of magic regeneration
Wands
 q - a wand of charming (5)
 t - a wand of flame (41)
Scrolls
 b - a scroll of enchant weapon
 j - 2 scrolls of teleportation {unknown}
 x - 2 scrolls of magic mapping
 B - a scroll of poison {unknown}
Potions
 d - 4 potions of might
 f - 3 potions of flight
 g - 2 potions of lignification {unknown}
 m - a potion of ambrosia {unknown}
 n - 2 potions of curing {unknown}
 o - 2 potions of magic {unknown}
 p - a potion of haste {unknown}
 z - a potion of berserk rage {unknown}
 C - 2 potions of cancellation {unknown}


   Skills:
 + Level 6.2 Fighting
 + Level 8.0 Axes
 + Level 6.8 Armour
 + Level 5.3 Shields
 * Level 0.6 Invocations
 * Level 4.8 Evocations


You had 8 spell levels left.
You didn't know any spells.
Your spell library contained the following spells:

 Spells                   Type           Power      Damage    Failure   Level
 Animate Dead             Necr           Unusable   N/A       N/A         4
 Haunt                    Necr/Summ      Unusable   N/A       N/A         7
 Infestation              Necr           Unusable   N/A       N/A         8

Dungeon Overview and Level Annotations

Branches:
Dungeon (7/15)             Temple (1/1) D:7

Altars:
Dithmenos
Elyvilon
Gozag
Hepliaklqana
Kikubaaqudgha
Makhleb
Nemelex Xobeh
Okawaru
Ru
Sif Muna
Trog
Uskayaw
Xom
Yredelemnul
The Shining One

Shops:
D:3 !

Annotations:
D:6 3 runed translucent doors, KennySheep's ghost, novice DgHu
D:7 2 transporters, JOEMAMA2's ghost, novice MiBe


Innate Abilities, Weirdness & Mutations

You are immune to sickness and miasma.
Your stone body is resilient. (AC +6)
You are immune to poison.
You resist negative energy. (rN+)
You are resistant to electric shocks. (rElec)
You are resistant to unholy torment.
You are immune to petrification.


Message History

Something hits you but does no damage.
The ice beast hits you but does no damage.
Unknown command.
The ice beast hits you but does no damage.
A sky beast appears from thin air!
Reactivating autopickup.
The sky beast hits you but does no damage.
Things that are here:
a +0 shortbow; a centaur corpse The ice beast closely misses you.
Unknown command.
You closely miss the sky beast.
The sky beast is moderately wounded.
You barely miss the ice beast.
The sky beast flickers out of sight!
Deactivating autopickup; reactivate with Ctrl-A.
Something hits you but does no damage.
The ice beast hits you but does no damage.
You barely miss something. You hit the ice beast but do no damage.
Something hits you but does no damage. The ice beast hits you.
The ice beast freezes you!
Unknown command.
You closely miss something. You hit the ice beast but do no damage.
Something hits you but does no damage. The ice beast closely misses you.
You closely miss something. You slash the ice beast!
The ice beast hits you but does no damage.
Something hits you but does no damage.
You slash something! You closely miss the ice beast.
Something hits you but does no damage.
The ice beast hits you but does no damage.
Something hits you but does no damage.
The ice beast hits you but does no damage.
You closely miss something. You hit the ice beast.
Something hits you but does no damage. The ice beast hits you.
The ice beast freezes you!
* * * LOW HITPOINT WARNING * * *
You slash something! You hit the ice beast.
Something hits you but does no damage. The ice beast hits you.
* * * LOW HITPOINT WARNING * * *
The ice beast freezes you!
You die...

#..#y......# ##..
#..##....#≈# .#...
#...#.o...## .....#
##..##...[#. ......####
#...###.©.# ..)......##
##....##### ..........##
##......©..
........Y..###...##.....
.......@{..#......######
...................# .
..............###..... .
.....!......### #......
............# ......
............# #.....
............# ....#
............# #
........# #


You could see an ice beast.

Vanquished Creatures
  Pikel (D:4)
  Prince Ribbit (D:5)
  Eustachio (D:4)
  Menkaure (D:5)
  2 water moccasins (D:6)
  A sky beast (D:6)
  3 black bears
  A centaur (D:7)
  2 kobold brigands
  2 phantoms (D:6)
  2 bullfrogs (D:6)
  2 scorpions (D:6)
  A howler monkey (D:6)
  A quasit (D:5)
  A jelly (D:7)
  2 gnoll boudas (D:6)
  3 orc priests
  2 hounds (D:5)
  An iguana (D:5)
  Natasha (thrice) (D:3)
  3 orc wizards
  Robin (D:4)
  13 gnolls
  4 adders
  A shadow imp (D:5)
  2 white imps
  28 orcs
  4 endoplasms
  A giant cockroach (D:3)
  7 goblins
  10 hobgoblins
  2 jackals (D:5)
  2 quokkas (D:1)
  3 ball pythons
  4 bats
  A frilled lizard (D:3)
  A goblin skeleton (D:5)
  11 kobolds
  2 kobold skeletons (D:5)
  2 orc zombies (D:5)
  2 rats
137 creatures vanquished.

Notes
Turn   | Place    | Note
-------+----------+-------------------------------------------
     0 | D:1      | bande the Gargoyle Fighter began the quest for the Orb.
     0 | D:1      | Reached XP level 1. HP: 14/14 MP: 1/1
    80 | D:1      | Reached skill level 2 in Axes
    90 | D:1      | Reached XP level 2. HP: 19/19 MP: 2/2
   866 | D:2      | Found an ancient bone altar of Kikubaaqudgha.
   899 | D:2      | Found a faded altar of an unknown god.
  1155 | D:2      | Reached XP level 3. HP: 23/23 MP: 3/3
  1629 | D:3      | Noticed Natasha
  1723 | D:2      | Reached skill level 3 in Axes
  1723 | D:2      | Reached XP level 4. HP: 29/29 MP: 4/4
  1932 | D:3      | Killed Natasha
  2162 | D:3      | Noticed Natasha
  2173 | D:3      | Killed Natasha
  2174 | D:3      | Reached XP level 5. HP: 22/33 MP: 5/5
  2494 | D:3      | Noticed Natasha
  2501 | D:3      | Killed Natasha
  2577 | D:3      | Found Fyickali's Distillery.
  2932 | D:4      | Noticed a lemure
  2932 | D:4      | Noticed a lemure
  2932 | D:4      | Noticed a lemure
  2934 | D:4      | Noticed Pikel
  2950 | D:4      | Killed Pikel
  2951 | D:4      | Reached skill level 5 in Axes
  2951 | D:4      | Reached skill level 5 in Armour
  2951 | D:4      | Reached XP level 6. HP: 29/39 MP: 6/6
  2951 | D:4      | Reached XP level 7. HP: 33/44 MP: 7/7
  3533 | D:4      | Noticed Robin
  3567 | D:4      | Killed Robin
  3719 | D:4      | Noticed Eustachio
  3752 | D:4      | Killed Eustachio
  3753 | D:4      | Reached XP level 8. HP: 36/48 MP: 8/8
  4145 | D:5      | Entered Level 5 of the Dungeon
  4266 | D:5      | Found a glowing golden altar of the Shining One.
  4373 | D:5      | Noticed Menkaure
  4382 | D:5      | Killed Menkaure
  4383 | D:5      | Reached skill level 6 in Axes
  4521 | D:5      | Reached skill level 5 in Fighting
  4716 | D:5      | Noticed Prince Ribbit
  4743 | D:5      | Killed Prince Ribbit
  5037 | D:6      | Found a runed translucent gate.
  5037 | D:6      | Found a runed translucent gate.
  5037 | D:6      | Found a runed translucent gate.
  5038 | D:6      | Noticed KennySheep's ghost (novice DgHu)
  5046 | D:6      | Noticed a two-headed ogre
  5191 | D:6      | Found an opulent altar of Gozag.
  5308 | D:6      | Reached XP level 9. HP: 44/54 MP: 9/9
  5323 | D:6      | Reached skill level 7 in Axes
  5323 | D:6      | Reached skill level 5 in Shields
  6467 | D:7      | Found a transporter.
  6486 | D:7      | Found a transporter.
  6615 | D:7      | Reached skill level 8 in Axes
  6639 | D:7      | Found a staircase to the Ecumenical Temple.
  6658 | Temple   | Entered the Ecumenical Temple
  6666 | Temple   | Became a worshipper of Warmaster Okawaru
  6727 | D:7      | Found a bloodstained altar of Trog.
  6727 | D:7      | Noticed JOEMAMA2's ghost (novice MiBe)
  6739 | D:7      | Noticed a moth of wrath
  6782 | D:7      | Slain by an ice beast

Illustrated notes

Levels and vault maps discovered:
D:1:      saegor_arrival_simple_a, layout_loops_cross, nicolae_eternal_life
D:2:      layout_basic, shapermc_ecumenical_altar_notcrosses, basic_altar
D:3:      minmay_door_path, layout_basic, serial_shops, shop, uniq_natasha
D:4:      layout_loops_ring, kennysheep_generic_room_7, uniq_eustachio,
          uniq_pikel, uniq_robin
D:5:      layout_cave_pods, nicolae_tso_besieged_by_evil, uniq_prince_ribbit1,
          uniq_menkaure
D:6:      layout_rooms, mainiacjoe_overflow_brackets, gammafunk_ghost_split,
          minmay_increasing_density
D:7:      layout_layer_cave, minmay_temple_entry_hall,
          gammafunk_ghost_wrathful_warriors, minmay_hollow_rounded_squares,
          uniq_joseph
Temple:   nicolae_temple_x_marks_the_god

Skill      XL: |  1  2  3  4  5  6  7  8  9 |
---------------+----------------------------+-----
Axes           | 2 3 5 6 8 |  8.0
Armour         | 4 5 6 |  6.8
Shields        | 4 5 |  5.3
Fighting       | 4 5 6 |  6.2
Evocations     | 2 3 4 |  4.8
Invocations    | |  0.6

Action                   |  1- 3 |  4- 6 |  7- 9 || total
-------------------------+-------+-------+-------++-------
Melee: War axe           |   102 |    74 |   344 ||   520
  Use: Scroll            |       |     6 |     2 ||     8
       Potion            |       |       |     3 ||     3
Armor: Scale mail        |    30 |       |       ||    30
       Chain mail        |    61 |    62 |   391 ||   514
Dodge: Dodged            |    49 |    19 |   183 ||   251
Block: Buckler           |    34 |    15 |   103 ||   152

Table legend: (Time is in decaauts)
 A = Elapsed time spent in this place.
 B = Non-inter-level travel time spent in this place.
 C = Inter-level travel time spent in this place.
 D = Time resting spent in this place.
 E = Time spent auto-exploring this place.
 F = Levels seen in this place.
 G = Mean time per level.
                   A        B        C        D        E       F      G
               +--------+--------+--------+--------+--------+-----+--------+
         Total |   6951 |   6768 |    183 |   1483 |   3903 |   8 |  868.9 |
       Dungeon |   6932 |   6749 |    183 |   1483 |   3903 |   7 |  990.3 |
        Temple |     19 |     19 |      0 |      0 |      0 |   1 |   19.0 |
               +--------+--------+--------+--------+--------+-----+--------+

Top non-repeatable levels by time:
     D:6: 1433 daAuts
     D:3: 1352 daAuts
     D:4: 1294 daAuts
     D:5: 909 daAuts
     D:2: 857 daAuts
     D:1: 757 daAuts
     D:7: 325 daAuts
  Temple: 19 daAuts
